 Dungeon Crawl Stone Soup version 0.27.1-1-g398f81649c (webtiles) character file.

Game seed: 8346097388498816177

403 szrap the Thaumaturge (level 7, -1/48 HPs)
             Began as a Djinni Ice Elementalist on Sept 14, 2021.
             Slain by an ogre (27 damage)
             ... on level 4 of the Dungeon.
             The game lasted 00:13:22 (4233 turns).

szrap the Thaumaturge (Djinni Ice Elementalist)     Turns: 4233, Time: 00:13:23

Health: -1/48      AC:  6    Str:  7    XL:     7   Next: 11%
Gold:   357        EV: 12    Int: 19    God:
                   SH:  0    Dex: 13

rFire    + + .     SeeInvis .   l - +4 spear (flame)
rCold    x . .     Faith    .   (no shield)
rNeg     . . .     Spirit   .   e - +0 leather armour
rPois    ∞         Reflect  .   i - +0 helmet
rElec    .         Harm     .   g - +0 cloak
rCorr    .         Rampage  .   f - +0 pair of gloves
Will     .....                  (boots unavailable)
Stlth    ++........             (no amulet)
HPRegen  0.16/turn              (no ring)
MPRegen  0.00/turn              (no ring)

@: freezing walls, flying
A: sickness immunity, fire resistance 2, cold vulnerability 1, float, innate
caster, hp casting, extra vitality 1
a: no special abilities


You were on level 4 of the Dungeon.
You visited 1 branch of the dungeon, and saw 5 of its levels.

You collected 357 gold pieces.

Inventory:

Hand Weapons
 d - a +0 short sword
 l - a +4 spear of flaming (weapon)
Armour
 a - a +0 robe
 e - a +0 leather armour (worn)
 f - a +0 pair of gloves (worn)
 g - a +0 cloak (worn)
 i - a +0 helmet (worn)
 j - a +0 scale mail
Potions
 b - 2 potions of curing
 c - a potion of cancellation
 h - a potion of mutation
 k - a potion of flight {unknown}


   Skills:
 * Level 1.6 Fighting
 - Level 1.4 Short Blades
 * Level 0.4 Armour
 * Level 3.0 Dodging
 - Level 1.5 Stealth
 + Level 10.3 Spellcasting


You had 9 spell levels left.
You knew the following spells:

 Your Spells              Type           Power      Damage    Failure   Level
a - Freeze                Ice            100%       1d11      1%          1
b - Frozen Ramparts       Ice            98%        1d11      1%          3
c - Ozocubu's Armour      Ice            49%        N/A       1%          3
d - Hailstorm             Conj/Ice       49%        3d11      1%          4
e - Pain                  Necr           100%       1d9       1%          1
f - Corpse Rot            Necr/Air       N/A        N/A       1%          2
g - Inner Flame           Hex/Fire       49%        N/A       1%          3
Your spell library was empty.

Dungeon Overview and Level Annotations

Branches:
Dungeon (5/15)
 Temple: D:4-7

Altars:
Zin

Annotations:
D:4 1 runed translucent door, NFM's ghost, amateur HOFi


Innate Abilities, Weirdness & Mutations

You are immune to sickness and miasma.
You are immune to poison.
Your flesh is very heat resistant. (rF++)
You are vulnerable to cold. (rC-)
You float through the air rather than walking.
You learn spells naturally, not from books.
Your magical power is your life essence.
You have superior vitality. (+4 HP)


Message History

The gnoll is moderately wounded.
The wall freezes the gnoll!
You kill the gnoll!
The wall freezes the gnoll.
The gnoll hits you but does no damage.
You hit the gnoll.
The gnoll is severely wounded.
The wall freezes the gnoll.
You kill the gnoll!
The frozen ramparts melt away as you move.
You see here a +4 spear of flaming.
l - a +4 spear of flaming
There is a stone staircase leading down here.
Your +4 spear of flaming bursts into flame!
l - a +4 spear of flaming (weapon)
You start resting.
HP restored.
Things that are here:
a +0 club; a +0 whip You see here a +1 halberd of venom.
There is a stone staircase leading down here.
You fly downwards.
The white imp shouts!
The ogre shouts!
The white imp gestures at you. The puff of frost hits you.
You feel a terrible chill!
There is a stone staircase leading up here.
The white imp gestures at you. The puff of frost misses you.
The ogre hits you with a +0 giant club!
You fly upwards.
Level annotation: 1 runed translucent door, NFM's ghost, amateur HOFi
There is a stone staircase leading down here.
Casting: Frozen Ramparts (safe; 1% risk of failure)
Confirm with . or Enter, or press ? or * to list all spells.
Casting: Frozen Ramparts (safe; 1% risk of failure)
Press: ? - help, Dir - look around, f - activate A stone staircase leading down.
The walls around you are covered in ice.
The wall freezes the ogre!
The ogre hits you with a +0 giant club!!
Ouch! That really hurt!
You die...

.....######## .....# #########
....## #####.......# ...##
#......####†############ .#.#
#.###..####.#........... ...#
#.#......##.#.#####.##.# ...#
#........##.#.# #.#... ...#
#...#..#......# #.#... ...#
#.....O@....### #.#... ...#
##....##.#### #.....
...########.##.##.######## ####.#
...##....))..............######.#
...##.####.###.###..............#
...........# #.###.......#####..#
...........###......>....#####..#
................##.......##.....#
...##.####..######.......##.##.##


You could see an ogre.

Vanquished Creatures
  An iguana (D:4)
  2 orc wizards (D:3)
  Terence (D:2)
  Robin (D:2)
  5 gnolls (D:4)
  2 adders (D:2)
  An ufetubus (D:4)
  2 worms (D:4)
  4 orcs
  5 endoplasms
  8 goblins
  5 hobgoblins
  4 jackals (D:1)
  7 ball pythons
  5 bats (D:2)
  6 frilled lizards
  6 kobolds
  A quokka skeleton (D:4)
  6 rats
72 creatures vanquished.

Vanquished Creatures (others)
  2 fungi (D:3)
  5 toadstools (D:3)
7 creatures vanquished.

Grand Total: 79 creatures vanquished

Notes
Turn   | Place    | Note
-------+----------+-------------------------------------------
     0 | D:1      | szrap the Djinni Ice Elementalist began the quest for the
                  | Orb.
     0 | D:1      | Reached XP level 1. HP: 15/15 MP: 0/0
   367 | D:1      | Reached XP level 2. HP: 17/21 MP: 0/0
  1143 | D:2      | Noticed Robin
  1145 | D:2      | Reached XP level 3. HP: 25/26 MP: 0/0
  1145 | D:2      | Learned a level 1 spell: Pain
  1663 | D:2      | Reached XP level 4. HP: 29/31 MP: 0/0
  1732 | D:2      | Reached skill level 1 in Fighting
  1732 | D:2      | Reached skill level 4 in Spellcasting
  1828 | D:2      | Noticed Terence
  1835 | D:2      | Killed Terence
  2059 | D:2      | Found a faded altar of an unknown god.
  2493 | D:2      | Killed Robin
  2781 | D:3      | Reached XP level 5. HP: 36/37 MP: 0/0
  2781 | D:3      | Learned a level 2 spell: Corpse Rot
  2895 | D:3      | Reached skill level 1 in Short Blades
  3284 | D:3      | Reached skill level 10 in Spellcasting
  3284 | D:3      | Reached XP level 6. HP: 42/42 MP: 0/0
  3493 | D:4      | Reached XP level 7. HP: 43/47 MP: 0/0
  3493 | D:4      | Learned a level 3 spell: Inner Flame
  3748 | D:4      | Found a glowing silver altar of Zin.
  4027 | D:4      | Found a runed translucent door.
  4028 | D:4      | Noticed NFM's ghost (amateur HOFi)
  4179 | D:5      | Entered Level 5 of the Dungeon
  4233 | D:4      | Slain by an ogre

Illustrated notes

Levels and vault maps discovered:
D:1:      lemuel_arrival_tunnels, layout_basic
D:2:      layout_loops_ring, ebering_ecumenical_altar_rust, uniq_robin,
          uniq_terence
D:3:      layout_rooms, nrook_mini_vaults, minmay_gold_behind_fungi
D:4:      layout_loops_cross, lemuel_round_altar, ebering_ghost_reflecting_pool
D:5:      layout_gridville, minmay_temple_entry_mist, gammafunk_ghost_cemetery

Skill      XL: |  1  2  3  4  5  6 |
---------------+-------------------+-----
Fighting       | 1 |  1.6
Spellcasting   | 4 10 | 10.3
Short Blades   | 1 |  1.4
Dodging        | 3 |  3.0
Armour         | |  0.4
Stealth        | |  1.5

Action                   |  1- 3 |  4- 6 |  7- 9 || total
-------------------------+-------+-------+-------++-------
Melee: Short sword       |    12 |    30 |    12 ||    54
 Cast: Freeze            |    39 |    21 |     1 ||    61
       Pain              |       |     7 |       ||     7
       Frozen Ramparts   |       |     4 |     7 ||    11
       Ozocubu's Armour  |       |     4 |     1 ||     5
  Use: Scroll            |       |     3 |       ||     3
       Potion            |       |     1 |       ||     1
 Stab: Sleeping          |     1 |       |       ||     1
Armor: Robe              |     6 |    13 |       ||    19
       Leather armour    |       |     4 |     4 ||     8
Dodge: Dodged            |    19 |    38 |    14 ||    71
